| TOP OF THE 1ST |
|
Washington (APP) Nationals batting - Pitching for Grand Junction Rockies : LHP Juan Rivera
|
|
Pitching: LHP Juan Rivera
|
|
|
Batting: RHB Jose Ortiz
|
0-0: Called Strike 0-1: Called Strike 0-2: Ball 1-2: Strikes out swinging
|
|
Batting: RHB Jess Thomas
|
0-0: Ball 1-0: Ground out 6-3 (Groundball, 6, EV 86.2 MPH)
|
|
Batting: RHB Akira Ishihara
|
0-0: Called Strike 0-1: Ball 1-1: Ground out 4-3 (Groundball, 4, EV 99.4 MPH)
|
| Top of the 1st over - 0 runs, 0 hits, 0 errors, 0 left on base; Washington (APP) 0 - Grand Junction 0 |
| BOTTOM OF THE 1ST |
|
Grand Junction Rockies batting - Pitching for Washington (APP) Nationals : LHP Danny Juarez
|
|
Pitching: LHP Danny Juarez
|
|
|
Batting: RHB Gashie Chimsima
|
0-0: Called Strike 0-1: Ground out U3 (Groundball, 3L, EV 88.1 MPH)
|
|
Batting: SHB Justin Jackson
|
0-0: SINGLE (Groundball, 56D, EV 108.1 MPH)
|
|
Batting: RHB Ryan Ward
|
0-0: Swinging Strike 0-1: Ball 1-1: Called Strike 1-2: Strikes out looking
|
|
Batting: RHB Edwin Bejarano
|
0-0: Ball 1-0: Ground out 6-3 (Groundball, 56, EV 102.5 MPH)
|
| Bottom of the 1st over - 0 runs, 1 hit, 0 errors, 1 left on base; Washington (APP) 0 - Grand Junction 0 |
| TOP OF THE 2ND |
|
Washington (APP) Nationals batting - Pitching for Grand Junction Rockies : LHP Juan Rivera
|
|
Batting: LHB Carlos Guadarrama
|
0-0: Ball 1-0: Fly out, F8 (Flyball, 8RD, EV 74.4 MPH)
|
|
Batting: RHB Jason Curry
|
0-0: Foul Ball, location: 2F 0-1: Ball 1-1: Swinging Strike 1-2: Foul Ball, location: 2F 1-2: Strikes out swinging
|
|
Batting: RHB Armando Moreno
|
0-0: Called Strike 0-1: Foul Ball, location: 2F 0-2: Foul Ball, location: 2F 0-2: Strikes out looking
|
| Top of the 2nd over - 0 runs, 0 hits, 0 errors, 0 left on base; Washington (APP) 0 - Grand Junction 0 |
| BOTTOM OF THE 2ND |
|
Grand Junction Rockies batting - Pitching for Washington (APP) Nationals : LHP Danny Juarez
|
|
Batting: LHB Georges Lambert
|
0-0: Ball 1-0: Foul Ball, location: 2F 1-1: Foul Ball, location: 2F 1-2: Ball 2-2: Foul Ball, location: 2F 2-2: Ball 3-2: Fly out, F4 (Line Drive, 4M, EV 93.1 MPH)
|
|
Batting: SHB J.D. Newman
|
0-0: Ball 1-0: Called Strike 1-1: Ball 2-1: Swinging Strike 2-2: Ground out 4-3 (Groundball, 4MS, EV 68.1 MPH)
|
|
Batting: RHB Wei-fang Ping
|
0-0: Called Strike 0-1: TRIPLE (Groundball, 3L, EV 96.9 MPH)
|
|
Batting: RHB Xavier Williams
|
0-0: Called Strike 0-1: Ball 1-1: Called Strike 1-2: Ball 2-2: DOUBLE (Flyball, 8RXD, EV 105.0 MPH) Wei-fang Ping scores
|
|
Batting: RHB Tom Gentry
|
0-0: Ball 1-0: Ball 2-0: Ball 3-0: Base on Balls
|
|
Batting: RHB Gashie Chimsima
|
0-0: Ball 1-0: Ball 2-0: Ball 3-0: Called Strike 3-1: Foul Ball, location: 2F 3-2: Foul Ball, location: 2F 3-2: Reached on error, E4 (Groundball, 4, EV 80.0 MPH) Xavier Williams scores Tom Gentry to third
|
|
Batting: SHB Justin Jackson
|
0-0: Ball 1-0: Foul Ball, location: 2F 1-1: Called Strike 1-2: Ground out 6-3 (Groundball, 6, EV 78.8 MPH)
|
| Bottom of the 2nd over - 2 runs, 2 hits, 1 error, 2 left on base; Washington (APP) 0 - Grand Junction 2 |
| TOP OF THE 3RD |
|
Washington (APP) Nationals batting - Pitching for Grand Junction Rockies : LHP Juan Rivera
|
|
Batting: RHB Victor Rojas
|
0-0: Called Strike 0-1: Called Strike 0-2: Ball 1-2: Foul Ball, location: 2F 1-2: Strikes out swinging
|
|
Batting: RHB Ivan Torres
|
0-0: Called Strike 0-1: Ground out U3 (Groundball, 3S, EV 86.2 MPH)
|
|
Batting: LHB Emery Helm
|
0-0: Ball 1-0: Ball 2-0: SOLO HOME RUN (Flyball, 9LD, EV 90.0 MPH), Distance : 344 ft
|
|
Batting: RHB Jose Ortiz
|
0-0: SOLO HOME RUN (Flyball, 7LD, EV 95.0 MPH), Distance : 355 ft
|
|
Batting: RHB Jess Thomas
|
0-0: Called Strike 0-1: Called Strike 0-2: Strikes out swinging
|
| Top of the 3rd over - 2 runs, 2 hits, 0 errors, 0 left on base; Washington (APP) 2 - Grand Junction 2 |
| BOTTOM OF THE 3RD |
|
Grand Junction Rockies batting - Pitching for Washington (APP) Nationals : LHP Danny Juarez
|
|
Batting: RHB Ryan Ward
|
0-0: Foul Ball, location: 2F 0-1: Ball 1-1: Ground out 6-3 (Groundball, 6, EV 88.1 MPH)
|
|
Batting: RHB Edwin Bejarano
|
0-0: Ball 1-0: Ball 2-0: SOLO HOME RUN (Flyball, 78XD, EV 107.5 MPH), Distance : 419 ft
|
|
Batting: LHB Georges Lambert
|
0-0: Ball 1-0: Foul Ball, location: 2F 1-1: Ball 2-1: Ground out 6-3 (Groundball, 6MS, EV 93.1 MPH)
|
|
Batting: SHB J.D. Newman
|
0-0: Ball 1-0: Called Strike 1-1: SINGLE (Groundball, P, EV 91.2 MPH) (infield hit)
|
|
Batting: RHB Wei-fang Ping
|
0-0: Called Strike 0-1: Ball 1-1: SINGLE (Groundball, 56D, EV 106.2 MPH) J.D. Newman to second Runner from 2nd tries for 3rd, SAFE, throw by LF made to third
|
|
Batting: RHB Xavier Williams
|
0-0: Fielders Choice at 2nd, 5-4 (Groundball, 5, EV 106.9 MPH)
|
| Bottom of the 3rd over - 1 run, 3 hits, 0 errors, 2 left on base; Washington (APP) 2 - Grand Junction 3 |
| TOP OF THE 4TH |
|
Washington (APP) Nationals batting - Pitching for Grand Junction Rockies : LHP Juan Rivera
|
|
Batting: RHB Akira Ishihara
|
0-0: Called Strike 0-1: Called Strike 0-2: Strikes out swinging
|
|
Batting: LHB Carlos Guadarrama
|
0-0: Ball 1-0: Ball 2-0: Called Strike 2-1: Called Strike 2-2: Strikes out swinging
|
|
Batting: RHB Jason Curry
|
0-0: Called Strike 0-1: SOLO HOME RUN (Flyball, 8LXD, EV 106.9 MPH), Distance : 441 ft
|
|
Batting: RHB Armando Moreno
|
0-0: Ground out 6-3 (Groundball, 6, EV 92.5 MPH)
|
| Top of the 4th over - 1 run, 1 hit, 0 errors, 0 left on base; Washington (APP) 3 - Grand Junction 3 |
| BOTTOM OF THE 4TH |
|
Grand Junction Rockies batting - Pitching for Washington (APP) Nationals : LHP Danny Juarez
|
|
Batting: RHB Tom Gentry
|
0-0: Ball 1-0: Ball 2-0: Foul Ball, location: 2F 2-1: Ball 3-1: Foul Ball, location: 2F 3-2: Base on Balls
|
|
Batting: RHB Gashie Chimsima
|
0-0: Called Strike 0-1: Ball Tom Gentry is caught stealing 2nd base 2-4 1-1: Ball 2-1: Ball 3-1: Base on Balls
|
|
Batting: SHB Justin Jackson
|
0-0: Swinging Strike 0-1: Ball 1-1: Ball 2-1: Ball 3-1: Base on Balls Gashie Chimsima to second
|
|
Batting: RHB Ryan Ward
|
0-0: Ball 1-0: Ball 2-0: Called Strike 2-1: Foul Ball, location: 2F 2-2: Ball 3-2: Base on Balls Gashie Chimsima to third Justin Jackson to second
|
|
Pitching: RHP Ramiro Ramirez
|
|
|
Batting: RHB Edwin Bejarano
|
0-0: Fly out, F7 (Flyball, 78M, EV 80.0 MPH)
|
|
Batting: LHB Georges Lambert
|
0-0: Called Strike 0-1: SINGLE (Groundball, 6D, EV 107.5 MPH) Gashie Chimsima scores Justin Jackson to third Ryan Ward to second Throwing error, E7 Justin Jackson scores Ryan Ward to third Georges Lambert to second
|
|
Batting: SHB J.D. Newman
|
0-0: Foul Ball, location: 2F 0-1: Swinging Strike 0-2: TRIPLE (Groundball, 3L, EV 100.6 MPH) Ryan Ward scores Georges Lambert scores
|
|
Batting: RHB Wei-fang Ping
|
0-0: Called Strike 0-1: Reached via error on a dropped throw from SS, E3 (Groundball, 6, EV 102.5 MPH) J.D. Newman scores
|
|
Batting: RHB Xavier Williams
|
0-0: Called Strike 0-1: Fly out, F7 (Line Drive, 78M, EV 89.4 MPH)
|
| Bottom of the 4th over - 5 runs, 2 hits, 2 errors, 1 left on base; Washington (APP) 3 - Grand Junction 8 |
| TOP OF THE 5TH |
|
Washington (APP) Nationals batting - Pitching for Grand Junction Rockies : LHP Juan Rivera
|
|
Batting: RHB Victor Rojas
|
0-0: Called Strike 0-1: Foul Ball, location: 2F 0-2: Strikes out looking
|
|
Batting: RHB Ivan Torres
|
0-0: Called Strike 0-1: Ground out U3 (Groundball, 3, EV 82.5 MPH)
|
|
Batting: LHB Emery Helm
|
0-0: Called Strike 0-1: Swinging Strike 0-2: Strikes out looking
|
| Top of the 5th over - 0 runs, 0 hits, 0 errors, 0 left on base; Washington (APP) 3 - Grand Junction 8 |
| BOTTOM OF THE 5TH |
|
Grand Junction Rockies batting - Pitching for Washington (APP) Nationals : RHP Ramiro Ramirez
|
|
Batting: RHB Tom Gentry
|
0-0: Swinging Strike 0-1: Foul Ball, location: 2F 0-2: Ball 1-2: Ball 2-2: Foul Ball, location: 2F 2-2: Ball 3-2: Foul Ball, location: 2F 3-2: Foul Ball, location: 2F 3-2: Ground out 2-3 (Groundball, 2R, EV 65.6 MPH)
|
|
Batting: RHB Gashie Chimsima
|
0-0: Hit by Pitch
|
|
Batting: SHB Justin Jackson
|
0-0: Foul Ball, location: 2F 0-1: Ball 1-1: Foul Ball, location: 2F 1-2: SINGLE (Flyball, 8LS, EV 85.6 MPH) Gashie Chimsima to second
|
|
Batting: RHB Ryan Ward
|
0-0: Ball 1-0: Swinging Strike 1-1: Called Strike 1-2: Ball 2-2: Fielders Choice at 2nd, 3-6 (Groundball, 34, EV 90.0 MPH) Gashie Chimsima to third
|
|
Batting: RHB Edwin Bejarano
|
0-0: Swinging Strike 0-1: Reached on error, E6 (Groundball, 6, EV 91.9 MPH) Gashie Chimsima scores Ryan Ward to second
|
|
Batting: LHB Georges Lambert
|
0-0: Swinging Strike 0-1: Swinging Strike 0-2: Ball 1-2: Strikes out swinging
|
| Bottom of the 5th over - 1 run, 1 hit, 1 error, 2 left on base; Washington (APP) 3 - Grand Junction 9 |
| TOP OF THE 6TH |
|
Washington (APP) Nationals batting - Pitching for Grand Junction Rockies : LHP Juan Rivera
|
|
Batting: RHB Jose Ortiz
|
0-0: Ball 1-0: Swinging Strike 1-1: Swinging Strike 1-2: Ball 2-2: Ball 3-2: Strikes out swinging
|
|
Batting: RHB Jess Thomas
|
0-0: Ground out 4-3 (Groundball, 4, EV 105.0 MPH)
|
|
Batting: RHB Akira Ishihara
|
0-0: Foul Ball, location: 2F 0-1: Foul Ball, location: 2F 0-2: Ball 1-2: Ball 2-2: Foul Ball, location: 2F 2-2: SOLO HOME RUN (Flyball, 7D, EV 95.0 MPH), Distance : 381 ft
|
|
Batting: LHB Carlos Guadarrama
|
0-0: Called Strike 0-1: Ball 1-1: Foul Ball, location: 2F 1-2: Ball 2-2: Ball 3-2: Strikes out swinging
|
| Top of the 6th over - 1 run, 1 hit, 0 errors, 0 left on base; Washington (APP) 4 - Grand Junction 9 |
| BOTTOM OF THE 6TH |
|
Grand Junction Rockies batting - Pitching for Washington (APP) Nationals : RHP Ramiro Ramirez
|
|
Batting: SHB J.D. Newman
|
0-0: Swinging Strike 0-1: Ball 1-1: Ground out 4-3 (Groundball, 4, EV 98.8 MPH)
|
|
Pitching: RHP Seth Wright
|
|
|
Batting: RHB Wei-fang Ping
|
0-0: Called Strike 0-1: Foul Ball, location: 2F 0-2: Strikes out swinging
|
|
Batting: RHB Xavier Williams
|
0-0: Called Strike 0-1: Foul Ball, location: 2F 0-2: Ball 1-2: Strikes out swinging
|
| Bottom of the 6th over - 0 runs, 0 hits, 0 errors, 0 left on base; Washington (APP) 4 - Grand Junction 9 |
| TOP OF THE 7TH |
|
Washington (APP) Nationals batting - Pitching for Grand Junction Rockies : LHP Juan Rivera
|
|
Batting: RHB Jason Curry
|
0-0: Ball 1-0: Ball 2-0: Called Strike 2-1: Foul Ball, location: 2F 2-2: Fly out, F9 (Flyball, 9, EV 77.5 MPH)
|
|
Batting: RHB Armando Moreno
|
0-0: Ball 1-0: Foul Ball, location: 2F 1-1: Ball 2-1: Swinging Strike 2-2: Ball 3-2: Foul Ball, location: 2F 3-2: Strikes out swinging
|
|
Batting: RHB Victor Rojas
|
0-0: Swinging Strike 0-1: Ball 1-1: Swinging Strike 1-2: Strikes out swinging
|
| Top of the 7th over - 0 runs, 0 hits, 0 errors, 0 left on base; Washington (APP) 4 - Grand Junction 9 |
| BOTTOM OF THE 7TH |
|
Grand Junction Rockies batting - Pitching for Washington (APP) Nationals : RHP Seth Wright
|
|
Batting: RHB Tom Gentry
|
0-0: Ball 1-0: Called Strike 1-1: Swinging Strike 1-2: SOLO HOME RUN (Flyball, 7D, EV 96.9 MPH), Distance : 378 ft
|
|
Batting: RHB Gashie Chimsima
|
0-0: Ball 1-0: Foul Ball, location: 2F 1-1: Foul Ball, location: 2F 1-2: Ball 2-2: Strikes out swinging
|
|
Batting: SHB Justin Jackson
|
0-0: Foul Ball, location: 2F 0-1: Foul Ball, location: 2F 0-2: Ball 1-2: Ball 2-2: Foul Ball, location: 2F 2-2: Ball 3-2: Base on Balls
|
|
Pitching: RHP Karl-Anthony Aure
|
|
|
Batting: RHB Ryan Ward
|
0-0: Called Strike 0-1: Ground out 6-3 (Groundball, 6M, EV 91.2 MPH) Justin Jackson to second
|
|
Batting: RHB Edwin Bejarano
|
0-0: Called Strike 0-1: Ball 1-1: Foul Ball, location: 2F 1-2: Strikes out swinging
|
| Bottom of the 7th over - 1 run, 1 hit, 0 errors, 1 left on base; Washington (APP) 4 - Grand Junction 10 |
| TOP OF THE 8TH |
|
Washington (APP) Nationals batting - Pitching for Grand Junction Rockies : LHP Juan Rivera
|
|
Batting: RHB Ivan Torres
|
0-0: Ball 1-0: Ball 2-0: Called Strike 2-1: Called Strike 2-2: Strikes out swinging
|
|
Pinch Hitting: RHB Ryan Wright
|
0-0: Ball 1-0: Foul Ball, location: 2F 1-1: Ball 2-1: Foul Ball, location: 2F 2-2: Foul Ball, location: 2F 2-2: Foul Ball, location: 2F 2-2: Fly out, F8 (Flyball, 8LM, EV 96.2 MPH)
|
|
Batting: RHB Jose Ortiz
|
0-0: Called Strike 0-1: Called Strike 0-2: Ball 1-2: Strikes out swinging
|
| Top of the 8th over - 0 runs, 0 hits, 0 errors, 0 left on base; Washington (APP) 4 - Grand Junction 10 |
| BOTTOM OF THE 8TH |
|
Grand Junction Rockies batting - Pitching for Washington (APP) Nationals : RHP Karl-Anthony Aure
|
|
Now at C: Ryan Wright
|
|
|
Now in RF: Jose Ortiz
|
|
|
Batting: LHB Georges Lambert
|
0-0: Called Strike 0-1: Ground out 1-3 (Groundball, P, EV 66.2 MPH)
|
|
Batting: SHB J.D. Newman
|
0-0: Foul Ball, location: 2F 0-1: Ball 1-1: Called Strike 1-2: Ball 2-2: Foul Ball, location: 2F 2-2: Strikes out swinging
|
|
Batting: RHB Wei-fang Ping
|
0-0: SINGLE (Flyball, 89S, EV 85.6 MPH)
|
|
Batting: RHB Xavier Williams
|
0-0: Ball 1-0: Ball 2-0: Called Strike 2-1: SINGLE (Groundball, 3D, EV 102.5 MPH) Wei-fang Ping to second Runner from 2nd tries for 3rd, SAFE, throw by RF made to third
|
|
Batting: RHB Tom Gentry
|
0-0: Foul Ball, location: 2F 0-1: Called Strike 0-2: Ball 1-2: Strikes out swinging
|
| Bottom of the 8th over - 0 runs, 2 hits, 0 errors, 2 left on base; Washington (APP) 4 - Grand Junction 10 |
| TOP OF THE 9TH |
|
Washington (APP) Nationals batting - Pitching for Grand Junction Rockies : LHP Juan Rivera
|
|
Batting: RHB Jess Thomas
|
0-0: Foul Ball, location: 2F 0-1: Ball 1-1: Called Strike 1-2: Strikes out swinging
|
|
Batting: RHB Akira Ishihara
|
0-0: Ball 1-0: Foul Ball, location: 2F 1-1: Called Strike 1-2: Ball 2-2: Ball 3-2: Base on Balls
|
|
Batting: LHB Carlos Guadarrama
|
0-0: Foul Ball, location: 2F 0-1: Ball 1-1: Ball 2-1: Ball 3-1: Fielders Choice at 2nd, 1-6 (Groundball, 13, EV 68.1 MPH)
|
|
Batting: RHB Jason Curry
|
0-0: Foul Ball, location: 2F 0-1: Ball 1-1: SINGLE (Line Drive, 7S, EV 107.5 MPH) Carlos Guadarrama to second
|
|
Batting: RHB Armando Moreno
|
0-0: SINGLE (Groundball, 56D, EV 111.2 MPH) Carlos Guadarrama to third Jason Curry to second
|
|
Batting: RHB Victor Rojas
|
0-0: Ball 1-0: Fielders Choice at 2nd, U6 (Groundball, 6M, EV 85.0 MPH)
|
| Top of the 9th over - 0 runs, 2 hits, 0 errors, 3 left on base; Washington (APP) 4 - Grand Junction 10 |
|